 Dungeon Crawl Stone Soup version 0.29-a0-298-g3c90f9a769 (console) character file.

Game seed: 13523743116811327362

49 Ignak the Magician (level 3, -3/25 HPs)
             Began as a Gnoll Hedge Wizard on Mar 23, 2022.
             Killed from afar by Sigmund (6 damage)
             ... with a puff of flame
             ... on level 2 of the Dungeon.
             The game lasted 00:04:45 (1889 turns).

Ignak the Magician (Gnoll Hedge Wizard)             Turns: 1889, Time: 00:04:46

Health: -3/25      AC:  2    Str: 10 (12) XL:     3   Next: 77%
Magic:  9/11       EV: 13    Int: 14 (15) God:
Gold:   116        SH:  0    Dex:  9 (11) Spells: 7/16 levels left

rFire   . . .      SeeInvis .   e - +1 bardiche {vamp, rN+ Str+3}
rCold   . . .      Faith    .   (shield currently unavailable)
rNeg    + . .      Spirit   .   b - +0 robe
rPois   .          Reflect  .   c - +0 hat
rElec   .          Harm     .   (no cloak)
rCorr   .          Rampage  .   (no gloves)
Will    .....                   (no boots)
Stlth   ++........              (no amulet)
HPRegen 0.08/turn               (no ring)
MPRegen 0.12/turn               (no ring)

@: no status effects
A: fangs 1, strong nose, distributed training
a: no special abilities


You were on level 2 of the Dungeon.
You visited 1 branch of the dungeon, and saw 3 of its levels.

You collected 825 gold pieces.
You spent 709 gold pieces at shops.

Inventory:

Hand Weapons
 a - a +0 dagger
 e - the +1 bardiche of the Wolf (weapon) {vamp, rN+ Str+3}
   (You acquired it on level 1 of the Dungeon)

   It occasionally heals its wielder for a portion of the damage dealt when it
   wounds a living foe.
   Str:       It affects your strength (+3).
   rN:        It protects you from negative energy.
 i - a +4 whip
Armour
 b - a +0 robe (worn)
 c - a +0 hat (worn)
Scrolls
 f - 3 scrolls of teleportation
 g - a scroll of fear
 h - a scroll of blinking {unknown}
Potions
 d - a potion of magic


   Skills:
 + Level 0.9 Fighting
 + Level 0.9 Short Blades
 + Level 0.9 Long Blades
 + Level 0.9 Axes
 + Level 0.9 Maces & Flails
 + Level 0.9 Polearms
 + Level 0.9 Staves
 + Level 0.9 Slings
 + Level 0.9 Bows
 + Level 0.9 Crossbows
 + Level 0.9 Throwing
 + Level 0.9 Armour
 + Level 4.5 Dodging
 + Level 4.2 Stealth
 + Level 0.9 Shields
 + Level 0.9 Unarmed Combat
 + Level 7.1 Spellcasting
 + Level 2.1 Conjurations
 + Level 0.6 Hexes
 + Level 2.1 Summonings
 + Level 0.6 Necromancy
 + Level 2.1 Translocations
 + Level 0.6 Transmutations
 + Level 0.6 Fire Magic
 + Level 0.6 Ice Magic
 + Level 0.6 Air Magic
 + Level 0.6 Earth Magic
 + Level 0.6 Poison Magic
 + Level 1.0 Invocations
 + Level 0.9 Evocations


You had 7 spell levels left.
You knew the following spells:

 Your Spells              Type           Power      Damage    Failure   Level
a - Magic Dart            Conj           44%        1d5       6%          1
b - Blink                 Tloc           22%        N/A       9%          2
c - Slow                  Hex            24%        N/A       11%         1
d - Mephitic Cloud        Conj/Pois/Air  8%         N/A       26%         3
e - Call Imp              Summ           11%        N/A       9%          2

Your spell library contained the following spells:

 Spells                   Type           Power      Damage    Failure   Level
 Conjure Flame            Conj/Fire      8%         6-21      24%         3


Dungeon Overview and Level Annotations

Branches:
Dungeon (3/15)

Altars:

Shops:
D:1 ?*

Annotations:
D:2 Sigmund


Innate Abilities, Weirdness & Mutations

You have very sharp teeth.
Your uncanny sense of smell can sniff out nearby items.
Your experience applies equally to all skills.


Message History

Sigmund points at you and mumbles some strange words.
The puff of flame hits you.
Casting: Slow (safe; 10% risk of failure)
Confirm with . or Enter, or press ? or * to list all spells.
You blink.
Sigmund gestures at you while chanting.
You are confused.
It was a potion of degeneration.
There was something very wrong with that liquid.
You feel weakened.
You feel dopey.
You feel clumsy. Sigmund says, "I'm your fate."
You bump into the rock wall.
You bump into the rock wall.
Sigmund barely misses you.
You are too confused!
You are too confused!
You closely miss Sigmund. You bite Sigmund.
Sigmund is almost dead.
You feel stable enough to blink again. Sigmund gestures at you while chanting.
You are more confused.
Sigmund gestures at you while chanting. The magic dart hits you!
You bump into the rock wall.
Sigmund says, "Don't worry, I'll kill you fast."
Sigmund closely misses you.
You barely miss Sigmund.
Sigmund is almost dead.
Sigmund hits you but does no damage. Sigmund closely misses you.
Sigmund gestures wildly while chanting.
Sigmund flickers and vanishes!
Deactivating autopickup; reactivate with Ctrl-A.
You bump into the rock wall.
Something hits you!
* * * LOW HITPOINT WARNING * * *
You miss something.
You feel less confused.
You hear some strange, mumbled words.
A puff of flame appears from out of thin air!
The puff of flame hits you.
You die...

# #....# #.# #
#.#### #.# # #.#
#.# # #.# ##.# #
#.# #..# # #.#
#<## # #.# #.# #
#.############.#
#
#........{@.##.#
#
###########.##.#
# #.##)# ##
#.##.# .# #.##.#
.# ..##.# .#
####.# .# ####.#
.# #....#


There were no monsters in sight!

Vanquished Creatures
  A worm (D:2)
  A dart slug (D:2)
  4 ball pythons (D:1)
  An endoplasm (D:1)
  4 hobgoblins
  A kobold (D:1)
  2 bats (D:2)
  A frilled lizard (D:1)
  2 rats
17 creatures vanquished.

Vanquished Creatures (collateral kills)
  An adder (D:2)
  A dart slug (D:1)
  An endoplasm (D:1)
  2 hobgoblins
  2 quokkas (D:2)
  2 bats
  4 goblins
13 creatures vanquished.

Grand Total: 30 creatures vanquished

Notes
Turn   | Place    | Note
-------+----------+-------------------------------------------
     0 | D:1      | Ignak the Gnoll Hedge Wizard began the quest for the Orb.
     0 | D:1      | Reached XP level 1. HP: 13/13 MP: 8/8
   228 | D:1      | Found Girewe's Magic Scroll Shop.
   255 | D:1      | Found Gisosched's General Store.
   284 | D:1      | Found a faded altar of an unknown god.
   294 | D:1      | Reached XP level 2. HP: 18/19 MP: 6/10
   313 | D:1      | Learned a level 2 spell: Blink
   316 | D:1      | Learned a level 2 spell: Call Imp
   318 | D:1      | Learned a level 1 spell: Slow
   803 | D:1      | Identified a scroll of acquirement
   805 | D:1      | Acquired 698 gold pieces
   855 | D:1      | Bought a scroll of acquirement for 572 gold pieces
   856 | D:1      | Acquired the +1 bardiche of the Wolf {vamp, rN+ Str+3}
   864 | D:1      | Bought a scroll of teleportation for 33 gold pieces
   864 | D:1      | Bought a scroll of fear for 38 gold pieces
   864 | D:1      | Bought a scroll of teleportation for 33 gold pieces
   864 | D:1      | Bought a scroll of teleportation for 33 gold pieces
   961 | D:2      | Reached XP level 3. HP: 25/25 MP: 11/11
  1679 | D:2      | Reached skill level 1 in Invocations
  1849 | D:2      | Noticed Sigmund
  1861 | D:2      | Learned a level 3 spell: Mephitic Cloud
  1889 | D:2      | Killed from afar by Sigmund

Illustrated notes

Levels and vault maps discovered:
D:1:      nzn_arrival_crosshair, layout_rooms, serial_shops, shop,
          nicolae_square_shop, nicolae_ecumenical_snake_handling
D:2:      layout_loops_ring, uniq_robin, uniq_sigmund
D:3:      layout_basic

Skill      XL: |  1  2  3 |
---------------+----------+-----
Conjurations   | 2 |  2.1
Summonings     | 2 |  2.1
Translocations | 2 |  2.1
Invocations    | 1 |  1.0
Fighting       | |  0.9
Short Blades   | |  0.9
Long Blades    | |  0.9
Axes           | |  0.9
Maces & Flails | |  0.9
Polearms       | |  0.9
Staves         | |  0.9
Slings         | |  0.9
Bows           | |  0.9
Crossbows      | |  0.9
Throwing       | |  0.9
Armour         | |  0.9
Dodging        | |  4.5
Stealth        | |  4.2
Shields        | |  0.9
Unarmed Combat | |  0.9
Spellcasting   | |  7.1
Hexes          | |  0.6
Necromancy     | |  0.6
Transmutations | |  0.6
Fire Magic     | |  0.6
Ice Magic      | |  0.6
Air Magic      | |  0.6
Earth Magic    | |  0.6
Poison Magic   | |  0.6
Evocations     | |  0.9

Action                   || total
-------------------------++-------
Melee: Dagger            ||    17
       Bite              ||     5
       Bardiche          ||    35
 Cast: Magic Dart        ||    15
       Call Imp          ||     7
       Slow              ||     1
       Mephitic Cloud    ||     1
       Blink             ||     1
  Use: Potion            ||     4
       Scroll            ||     5
 Stab: Sleeping          ||     5
       Confused          ||     1
Armor: Robe              ||    14
Dodge: Dodged            ||    75

Table legend: (Time is in decaauts)
 A = Elapsed time spent in this place.
 B = Non-inter-level travel time spent in this place.
 C = Inter-level travel time spent in this place.
 D = Time resting spent in this place.
 E = Time spent auto-exploring this place.
 F = Levels seen in this place.
 G = Mean time per level.
                   A        B        C        D        E       F      G
               +--------+--------+--------+--------+--------+-----+--------+
         Total |   1918 |   1859 |     59 |    566 |    775 |   3 |  639.3 |
       Dungeon |   1918 |   1859 |     59 |    566 |    775 |   3 |  639.3 |
               +--------+--------+--------+--------+--------+-----+--------+

Top non-repeatable levels by time:
     D:2: 979 daAuts
     D:1: 924 daAuts
     D:3: 14 daAuts
